 Dungeon Crawl Stone Soup version 0.19.1 (webtiles) character file.

93 kae the Insei (level 4, -6/37 HPs)
             Began as a Demonspawn Monk on Dec 21, 2016.
             Killed from afar by an orc wizard (8 damage)
             ... with a magic dart
             ... on level 3 of the Dungeon.
             The game lasted 00:03:59 (3342 turns).

kae the Insei (Demonspawn Monk)                     Turns: 3342, Time: 00:04:00

Health: -6/37      AC:  4    Str: 11    XL:     4   Next: 36%
Magic:  4/4        EV: 19    Int: 11    God:
Gold:   130        SH:  0    Dex: 22    Spells: 0 memorised, 3 levels left

rFire  . . .     SeeInvis .     l - +0 dagger (elec)
rCold  . . .     Gourm    .     a - +0 robe
rNeg   . . .     Faith    .     (no shield)
rPois  .         Spirit   .     (no helmet)
rElec  .         Reflect  .     (no cloak)
rCorr  .         Harm     .     (no gloves)
MR     .....                    (no boots)
Stlth  +++.......               (no amulet)
                                (no ring)
                                (no ring)

@: agile, very slightly contaminated, hasted, very quick
A: iridescent scales 1
a: no special abilities


You were on level 3 of the Dungeon.
You were near starving.

You visited 1 branch of the dungeon, and saw 3 of its levels.

You collected 130 gold pieces.

Inventory:

Hand Weapons
 f - a +0 spear
 l - a +0 dagger of electrocution (weapon)
Armour
 a - a +0 robe (worn)
Scrolls
 c - 2 scrolls of teleportation
 h - a scroll of noise {unknown}
 m - 2 scrolls of recharging
 p - a scroll of identify
Potions
 e - a potion of degeneration
 g - a potion of magic
 o - a potion of ambrosia
Comestibles
 b - 2 bread rations
 d - a beef jerky
 j - a meat ration


   Skills:
 + Level 3.8 Fighting
 + Level 3.2 Dodging
 - Level 1.7 Stealth
 * Level 3.8 Unarmed Combat


You had 3 spell levels left.
You didn't know any spells.

Dungeon Overview and Level Annotations

Branches:
Dungeon (3/15)

Altars:

Annotations:
D:3 Sigmund


Innate Abilities, Weirdness & Mutations

You are partially covered in iridescent scales. (AC +2)


Message History

The orc wizard hits you with a dagger.
* * * LOW HITPOINT WARNING * * *
The orc wizard gestures at you while chanting.
The magic dart hits you!
* * * LOW HITPOINT WARNING * * *
It was a potion of haste.
You feel yourself speed up.
The orc wizard hits you but does no damage.
You are very lightly contaminated with residual magic.
It was a potion of agility.
You feel agile all of a sudden. The orc wizard hits you with a dagger.
* * * LOW HITPOINT WARNING * * *
The orc wizard completely misses you.
The orc wizard mumbles some strange words.
The orc wizard blinks!
The orc wizard gestures wildly while chanting.
The orc wizard blinks!
The orc wizard points at you and mumbles some strange words.
The magic dart hits you!
You die...

###.(#.# .......#.# #.##.#
.......#.# #.##.# ..?....#..
#.##.# ######.#.. #.####.##.#
#.#.. #.........# #.#..
######.#..# #.#..
########......#..#####.# #.#..
.......#........@......# #....
#####.##.######..#########
#.... #.##.# #..........# #....
#.##.######.##..####.# ##....
#.#.(...)......o.....##......
###.#.#.####..#.#.#.#..##.##...
#...#.#.#..............##......
#...#......#..#.#.#.#..##..#...
#...###.####.........).##......


You could see an orc wizard.

Vanquished Creatures
  2 adders
  An ooze (D:2)
  A worm (D:2)
  2 orcs (D:3)
  5 bats
  3 giant cockroaches
  10 goblins
  5 hobgoblins
  10 jackals
  10 kobolds
  6 frilled lizards
  4 rats
59 creatures vanquished.

Notes
Turn   | Place    | Note
-------+----------+-------------------------------------------
     0 | D:1      | kae the Demonspawn Monk began the quest for the Orb.
     0 | D:1      | Reached XP level 1. HP: 18/18 MP: 1/1
   641 | D:1      | Gained mutation: You are partially covered in iridescent scales. (AC +2) [demonic ancestry]
   641 | D:1      | Reached XP level 2. HP: 21/24 MP: 2/2
  1522 | D:1      | Reached XP level 3. HP: 29/29 MP: 3/3
  2464 | D:3      | Reached XP level 4. HP: 34/36 MP: 4/4
  2739 | D:3      | Noticed Sigmund
  3332 | D:3      | HP: 1/37 [orc wizard/dagger (3)]
  3342 | D:3      | Killed from afar by an orc wizard

Skill      XL: |  1  2 |
---------------+-------+-----
Unarmed Combat | 3 |  3.8
Dodging        | 3 |  3.2
Fighting       | |  3.8
Stealth        | |  1.7

Action                   |  1- 3 |  4- 6 || total
-------------------------+-------+-------++-------
Melee: Unarmed           |    18 |       ||    18
       Spear             |    49 |       ||    49
       Punch             |     6 |     1 ||     7
       Dagger            |    81 |    70 ||   151
  Use: Scroll            |     8 |       ||     8
       Potion            |       |     4 ||     4
 Stab: Sleeping          |     6 |       ||     6
  Eat: Chunk             |     4 |     2 ||     6
Armor: Robe              |    33 |    27 ||    60
Dodge: Dodged            |    97 |    92 ||   189
